Map: 프록시마 정거장 - 래더

Players

jjakji - Winner!

  • Race: Terran Terran
  • Spawn Location: 1:00

Stats

  • Race: Protoss Protoss
  • Spawn Location: 7:00

Event: IEM XI Katowice - World Championship 2017

VOD

Have the link to the VOD?

Description

Time

  • Played on: March 2, 2017, 11:59 a.m.
  • Length: 19:44

All games in this series

Show
View Real Time Build Order
Export as new Build Order

jjakji Terran - Winner!

Build Orders: Command Center First (CC), MMM Bio 

Get SALT Encoding   

  12  0:00  SCV  
  13  0:12  SCV  
  14  0:17  Supply Depot  
  14  0:24  SCV  
  15  0:39  SCV  
  16  0:51  SCV  
  17  0:59  Command Center  
  17  1:03  SCV  
  18  1:13  Barracks  
  18  1:16  SCV  
  19  1:28  SCV  
  19  1:31  Barracks  
  20  1:42  SCV  
  20  1:45  Barracks  
  21  1:54  SCV  
  21  2:00  Marine  
  23  2:07  Orbital Command  
  23  2:12  Orbital Command  
  23  2:17  Marine  
  23  2:18  Marine  
  25  2:24  Refinery  
  25  2:25  Refinery  
  25  2:32  SCV  
  25  2:33  Marine  
  25  2:35  Marine  
  25  2:36  Marine  
  29  2:38  SCV  
  30  2:45  SCV  
  30  2:50  SCV  
  30  2:51  Supply Depot  
  32  2:53  Marine x2  
  32  2:56  Barracks Tech Lab  
  32  2:58  SCV  
  35  3:02  SCV  
  36  3:10  SCV  
  36  3:11  Marine  
  36  3:12  Marine  
  39  3:14  Marine, SCV  
  39  3:15  Stimpack  
  41  3:20  Supply Depot  
  41  3:21  Engineering Bay  
  41  3:22  SCV  
  41  3:26  SCV  
  43  3:29  Marine  
  43  3:30  Marine  
  43  3:32  Marine  
  46  3:37  Factory  
  46  3:42  SCV x2  
  46  3:43  Supply Depot  
  48  3:51  Marine, Barracks Tech Lab, Barracks Reactor  
  48  3:54  SCV x2  
  51  3:56  Missile Turret  
  51  4:00  Missile Turret  
  51  4:05  Refinery  
  51  4:06  SCV x2  
  51  4:08  Terran Infantry Weapons Level 1  
  53  4:16  Marine x2  
  52  4:18  SCV x2  
  52  4:21  Supply Depot  
  53  4:27  Starport  
  53  4:30  SCV x2  
  55  4:31  Factory Reactor  
  55  4:35  Marine x4  
  59  4:42  SCV  
  59  4:43  SCV  
  61  4:47  Supply Depot  
  61  4:48  Combat Shields  
  61  4:54  Marine x2  
  61  4:55  Marine x2, SCV x2  
  67  5:06  Supply Depot, Refinery  
  68  5:07  SCV x2  
  68  5:12  Marine x3  
  68  5:13  Marine, Medivac  
  75  5:14  Medivac  
  75  5:19  Supply Depot, SCV  
  78  5:28  SCV  
  79  5:29  Factory Reactor  
  79  5:30  Marine x4  
  79  5:31  SCV  
  79  5:32  Supply Depot  
  84  5:40  SCV  
  85  5:43  Medivac  
  85  5:44  Medivac  
  85  5:48  Marine x2  
  85  5:49  SCV  
  91  5:52  SCV  
  92  6:01  Command Center  
  92  6:02  Marine  
  92  6:03  Marine  
  94  6:05  Terran Infantry Armor Level 1  
  94  6:06  Marine x2, Supply Depot  
  94  6:09  Widow Mine  
  94  6:11  Widow Mine  
  98  6:18  Medivac  
  102  6:28  Supply Depot, Barracks, SCV x2, Medivac  
  102  6:29  Barracks  
  106  6:35  Marine x4  
  110  6:42  Liberator x2  
  110  6:49  Widow Mine x2  
  110  6:50  Armory  
  110  6:52  Supply Depot  
  110  6:53  Engineering Bay  
  111  7:04  Marauder x2  
  111  7:05  Marine x2  
  117  7:15  Orbital Command  
  117  7:18  Widow Mine x2, Barracks Tech Lab, Barracks Reactor  
  117  7:19  Concussive Shells  
  120  7:25  SCV  
  120  7:28  SCV  
  120  7:29  Liberator  
  122  7:32  Liberator  
  122  7:36  Marine x2  
  124  7:37  Orbital Command  
  124  7:38  Marauder  
  124  7:42  SCV x2  
  128  7:46  Widow Mine x2, Refinery  
  138  7:59  Supply Depot x2, Refinery  
  138  8:02  SCV x2  
  138  8:03  SCV  
  140  8:09  Marauder  
  136  8:16  Marine x2  
  136  8:17  Marine x2  
  136  8:20  Marauder  
  135  8:29  Marauder  
  135  8:31  Marauder  
  124  8:34  Marine x2  
  124  8:39  Marine  
  124  8:41  Marauder, SCV  
  115  8:48  Widow Mine x2  
  100  8:51  Marauder  
  100  8:52  Marine, Marauder  
  100  8:53  Marine  
  94  8:58  SCV  
  94  9:01  SCV  
  94  9:02  Marauder  
  78  9:10  Medivac  
  92  9:12  Marauder  
  92  9:16  Widow Mine, SCV x2  
  98  9:17  Terran Infantry Weapons Level 2  
  98  9:19  Marine x3  
  98  9:22  SCV  
  104  9:27  Marine  
  104  9:28  Marine, SCV x2  
  108  9:32  Liberator  
  108  9:34  SCV  
  109  9:40  SCV x2  
  109  9:41  Missile Turret  
  109  9:44  Marine x3, Marauder x2  
  109  9:45  Marine  
  119  9:46  SCV  
  119  9:47  Widow Mine, Marauder  
  119  9:48  Liberator, Widow Mine  
  119  9:52  SCV  
  123  10:02  Marine x3  
  123  10:03  Marine  
  123  10:05  Marauder x2  
  134  10:08  Marauder  
  134  10:11  SCV x2  
  136  10:21  Terran Infantry Armor Level 2  
  136  10:23  Marine x4, SCV x3  
  136  10:27  Marauder x2  
  147  10:31  Supply Depot  
  147  10:33  Supply Depot, Missile Turret  
  147  10:37  Starport  
  147  10:38  Liberator  
  147  10:41  Liberator  
  147  10:49  Marine, Marauder x3  
  153  10:50  Marine x3  
  163  11:06  Liberator  
  163  11:11  Marauder x3  
  167  11:12  Marine x3  
  173  11:28  Supply Depot  
  173  11:31  Supply Depot  
  173  11:32  Liberator x2  
  173  11:50  Marauder  
  173  11:52  Terran Infantry Weapons Level 3  
  173  11:53  Marine x4, Marauder x2  
  186  11:58  Supply Depot  
  186  12:00  Ghost Academy  
  186  12:13  Medivac x2  
  186  12:15  Liberator  
  186  12:18  Marauder  
  186  12:20  Marine x3, Marauder x2  
  193  12:40  Marauder  
  193  12:42  Marauder x2  
  192  12:49  Marine  
  180  13:01  Marauder  
  180  13:03  Marauder x2  
  171  13:05  Orbital Command  
  169  13:21  Liberator x2  
  169  13:22  Marauder  
  161  13:38  Medivac x2  
  159  13:51  Liberator  
  159  13:52  Liberator  
  151  13:57  Marauder x2  
  151  13:58  Marauder  
  108  14:14  Marine x3  
  109  14:20  Marauder  
  109  14:21  Marine  
  109  14:22  Marine  
  109  14:27  Marauder  
  101  14:32  Liberator, Marine x3  
  100  14:40  Marauder  
  100  14:41  Marauder  
  100  14:44  Marine  
  103  14:48  Liberator, Marauder  
  103  14:49  Marine  
  107  14:57  Liberator  
  107  15:01  Marine x2, Marauder  
  107  15:02  Marine  
  107  15:03  Marauder  
  113  15:09  Marauder  
  118  15:22  Refinery  
  118  15:23  Marauder  
  118  15:24  Marauder  
  120  15:31  Marauder  
  115  15:42  Orbital Command  
  108  15:44  Marauder  
  108  15:46  Marauder  
  108  15:48  Marine  
  112  15:50  Liberator  
  112  15:52  Marauder  
  89  16:05  Marauder  
  89  16:07  Marauder  
  96  16:17  Marauder  
  97  16:23  Liberator  
  97  16:27  Marauder  
  97  16:29  Marine, Marauder  
  97  16:30  Sensor Tower  
  102  16:34  Medivac  
  102  16:37  Medivac  
  106  16:45  Refinery  
  109  16:48  Marauder x2  
  109  16:52  Refinery  
  113  16:54  Marine x2  
  113  16:55  Marine  
  113  16:59  Orbital Command  
  113  17:01  Medivac  
  113  17:03  Marine  
  113  17:07  Marauder  
  118  17:10  Marauder  
  118  17:12  Marine x3  
  118  17:13  Marauder  
  125  17:20  Missile Turret  
  125  17:28  Marauder  
  125  17:29  Missile Turret  
  127  17:31  Marine x4  
  127  17:32  Marauder  
  127  17:35  Marauder  
  135  17:46  Liberator  
  135  17:49  Liberator  
  135  17:50  Marauder  
  136  17:53  Marauder  
  136  17:54  Marine x2  
  136  17:56  Marine, Marauder  
  145  18:11  Marauder  
  150  18:13  Marine x3  
  150  18:14  Marine, Marauder  
  150  18:17  Marauder  
  158  18:33  Marauder  
  155  18:36  Marauder  
  155  18:38  Marine  
  155  18:39  Marauder  
  158  18:44  Medivac x2  
  162  18:54  Marauder  
  163  18:57  Marine, Marauder  
  163  19:00  Marauder  
  171  19:15  Marauder  
  171  19:16  Marine  
  164  19:18  Marauder  
  164  19:22  Marauder  
Show
View Real Time Build Order
Export as new Build Order

Stats Protoss 

Build Orders: 1 Gate Expand, Oracle Opening 

Get SALT Encoding   

  12  0:00  Probe (Chrono Boost)  
  13  0:11  Probe (Chrono Boost)  
  14  0:17  Pylon  
  14  0:22  Probe (Chrono Boost)  
  15  0:35  Probe (Chrono Boost)  
  16  0:36  Gateway  
  16  0:45  Probe (Chrono Boost)  
  16  0:47  Assimilator  
  17  0:56  Probe (Chrono Boost)  
  18  1:06  Probe (Chrono Boost)  
  19  1:17  Probe (Chrono Boost)  
  20  1:25  Nexus  
  20  1:32  Cybernetics Core  
  20  1:36  Probe (Chrono Boost)  
  21  1:41  Assimilator  
  21  1:46  Probe (Chrono Boost)  
  22  1:50  Pylon  
  22  1:57  Probe (Chrono Boost)  
  23  2:09  Warp Gate, Adept, Probe (Chrono Boost)  
  26  2:19  Probe (Chrono Boost)  
  27  2:26  Stargate  
  28  2:30  Probe (Chrono Boost)  
  28  2:36  Adept  
  31  2:37  Probe (Chrono Boost)  
  31  2:40  Probe (Chrono Boost)  
  32  2:47  Probe (Chrono Boost)  
  32  2:51  Probe (Chrono Boost)  
  34  2:58  Probe (Chrono Boost)  
  35  3:02  Probe (Chrono Boost)  
  36  3:06  Oracle  
  36  3:09  Probe (Chrono Boost)  
  41  3:14  Probe (Chrono Boost)  
  41  3:15  Pylon  
  41  3:21  Probe (Chrono Boost)  
  41  3:26  Probe (Chrono Boost)  
  43  3:29  Nexus  
  45  3:34  Mothership Core (Chrono Boost)  
  45  3:37  Probe (Chrono Boost)  
  46  3:48  Probe (Chrono Boost)  
  47  3:52  Probe (Chrono Boost), Gateway  
  47  3:54  Gateway  
  48  3:56  Pylon  
  48  3:58  Probe (Chrono Boost)  
  49  4:03  Probe (Chrono Boost)  
  49  4:09  Probe (Chrono Boost)  
  51  4:13  Probe (Chrono Boost)  
  52  4:19  Assimilator  
  52  4:20  Assimilator  
  52  4:21  Probe (Chrono Boost)  
  52  4:24  Probe (Chrono Boost)  
  54  4:25  Twilight Council, Phoenix, Forge  
  56  4:32  Pylon  
  56  4:35  Probe x2 (Chrono Boost)  
  58  4:43  Probe (Chrono Boost)  
  58  4:45  Protoss Ground Weapons Level 1  
  59  4:46  Probe x2 (Chrono Boost)  
  59  4:47  Phoenix  
  59  4:48  Resonating Glaives  
  63  4:54  Probe (Chrono Boost)  
  63  4:57  Probe (Chrono Boost)  
  63  4:58  Probe (Chrono Boost)  
  66  5:06  Probe (Chrono Boost)  
  67  5:08  Phoenix  
  67  5:09  Probe (Chrono Boost)  
  67  5:10  Probe (Chrono Boost)  
  67  5:11  Gateway  
  67  5:12  Gateway  
  71  5:18  Probe (Chrono Boost)  
  71  5:20  Gateway  
  72  5:21  Gateway  
  72  5:22  Gateway  
  72  5:27  Robotics Facility  
  72  5:30  Phoenix  
  74  5:38  Pylon  
  74  5:39  Pylon  
  74  5:40  Probe x2 (Chrono Boost)  
  74  5:41  Probe (Chrono Boost)  
  74  5:42  Sentry x2  
  81  5:44  Adept  
  83  5:52  Phoenix  
  85  6:07  Pylon  
  85  6:09  Pylon, Adept x3  
  91  6:13  Phoenix  
  91  6:14  Pylon  
  91  6:15  Pylon  
  93  6:21  Warp Prism  
  93  6:23  Probe x3 (Chrono Boost)  
  97  6:31  Adept x7  
  97  6:32  Adept  
  113  6:35  Phoenix  
  115  6:43  Pylon  
  115  6:45  Pylon  
  115  6:46  Pylon  
  115  6:57  Adept x2  
  115  6:58  Adept x3, Phoenix  
  125  7:03  Pylon  
  125  7:08  Adept x2  
  129  7:09  Adept  
  129  7:12  Pylon  
  133  7:24  Phoenix  
  133  7:25  Assimilator x2  
  133  7:26  Probe x3 (Chrono Boost)  
  133  7:29  Protoss Ground Armor Level 1  
  138  7:36  Adept x5  
  138  7:37  Adept  
  150  7:38  Adept x2  
  154  7:55  Pylon  
  154  7:56  Observer  
  155  7:59  Pylon  
  155  8:11  Adept x2  
  155  8:12  Adept x3  
  165  8:13  Adept  
  165  8:14  Adept  
  145  8:37  Adept x7  
  145  8:38  Adept  
  112  9:01  Adept x4  
  112  9:02  Blink, Adept x2, Sentry x2  
  122  9:06  Nexus, Protoss Ground Armor Level 2  
  122  9:08  Warp Prism  
  122  9:09  Pylon  
  122  9:10  Templar Archives  
  116  9:26  Stalker x4  
  116  9:27  Stalker x3  
  116  9:28  Stalker  
  132  9:34  Pylon  
  132  9:39  Immortal  
  136  10:00  Adept x4, Stalker x4  
  153  10:16  Probe x3 (Chrono Boost)  
  155  10:21  High Templar x3  
  155  10:26  Immortal  
  161  10:29  Adept x5  
  175  10:41  Assimilator  
  178  10:43  Probe (Chrono Boost)  
  178  10:44  Psionic Storm, Probe x3 (Chrono Boost)  
  178  10:45  Assimilator  
  177  10:57  High Templar  
  177  11:00  Warp Prism  
  177  11:04  Adept x6  
  187  11:32  Photon Cannon  
  181  11:33  Photon Cannon  
  181  11:34  Photon Cannon  
  181  11:43  Stalker x2  
  181  11:44  High Templar x2, Stalker x2  
  181  11:45  Adept x2  
  197  11:58  Observer  
  198  12:11  Forge  
  198  12:13  Gateway  
  198  12:20  High Templar x2  
  198  12:21  High Templar  
  183  12:39  Pylon  
  183  12:41  Pylon  
  183  12:43  Pylon  
  178  12:45  Pylon  
  176  12:55  Pylon  
  176  12:58  Pylon  
  172  13:00  Immortal  
  170  13:07  High Templar x4  
  170  13:08  High Templar  
  172  13:13  Cybernetics Core  
  172  13:14  Pylon, Archon  
  172  13:21  Archon x2  
  151  13:44  Pylon  
  151  13:45  Pylon  
  97  14:07  Adept x3  
  91  14:10  Pylon  
  91  14:12  Pylon  
  91  14:14  Observer  
  92  14:20  Adept  
  92  14:27  Adept x3  
  92  14:28  Adept  
  96  14:33  Pylon  
  94  14:44  Immortal  
  98  14:51  Pylon  
  97  14:57  High Templar x3, Stalker x3  
  97  14:58  High Templar  
  109  15:07  Nexus  
  109  15:09  Pylon  
  109  15:18  Mothership Core (Chrono Boost)  
  109  15:24  Stalker x3  
  115  15:34  Stalker x4  
  75  15:51  Archon  
  75  15:53  Archon  
  71  15:58  Stalker x2  
  75  16:12  Adept  
  75  16:13  Adept x2  
  81  16:23  Assimilator  
  79  16:27  Warp Prism  
  81  16:34  Sentry  
  85  16:48  Probe x3 (Chrono Boost)  
  86  17:02  High Templar  
  86  17:05  Adept x3  
  86  17:06  Adept  
  86  17:07  Immortal  
  100  17:19  Probe (Chrono Boost)  
  100  17:20  Adept x2, Probe x2 (Chrono Boost)  
  107  17:29  High Templar  
  100  17:53  Nexus, High Templar  
  100  17:54  Pylon  
  102  18:01  Adept x3  
  102  18:02  Adept  
  102  18:03  Adept  
  110  18:12  High Templar  
  108  18:38  Stalker  
  108  18:39  Stalker x4  
  110  18:47  Stalker x2  
  110  19:08  Stalker x4  
  105  19:23  Adept x3  

Tags
 
Add a new tag
Caveats
  • Supply blocks, unpowered buildings, or Contaminate may cause inaccurate times.
  • Supply counts are checked every 10 seconds.